AoeStats
← JRazzz

Arena

505872995Analyzed
3v3 RM · 22d ago on Sep 11, 2026· 29m 38s· 6 players
Game mode
Random Map
Map size
Normal (6 player)
Population
200
Speed
Normal
Resources
Standard
Victory
Conquest
Starting age
Dark Age
Ending age
Imperial Age
RankedLock teamsTeams togetherTeam positionsShared explorationLock speedFull tech treeHidden civsTurbo modeCheats
Victory
Defeat
🇨🇳 Turks · China
1426
+10
🇨🇳 Teutons · China
1255
+16
🇨🇳 Spanish · China
1069
+23
🇸🇪 Goths · Sweden
1284
-17
🇬🇧 Britons · United Kingdom
1276
-17
🇩🇰 Mongols · Denmark
1230
-15
咽语习言
11:32 Feudal Age
16:15 Castle Age
14:50 Gold Mining
14:55 Double-Bit Axe
15:08 Horse Collar
17:01 Loom
19:12 Bow Saw
25:24 Imperial Age
23:04 Heavy Plow
23:16 Bow Saw
28:27 Padded Archer Armor
从不压堡之人
11:33 Feudal Age
15:17 Castle Age
14:19 Horse Collar
14:25 Double-Bit Axe
16:23 Bow Saw
20:11 Wheelbarrow
22:55 Loom
23:25 Hand Cart
29:07 Imperial Age
27:17 Town Watch
28:09 Inquisition
28:58 Sanctity
28:48 Fervor
29:15 Gold Mining
29:15 Stone Mining
29:28 Heavy Plow
30:29 Theocracy
30:10 Block Printing
30:20 Illumination
30:07 Guilds
31:00 Two-Man Saw
LLK是给
12:15 Feudal Age
13:00 Double-Bit Axe
16:43 Castle Age
14:37 Horse Collar
17:53 Bow Saw
18:48 Heavy Plow
21:25 Wheelbarrow
21:21 Loom
21:22 Town Watch
23:30 Hand Cart
24:52 Fletching
25:29 Bodkin Arrow
25:52 Gold Mining
26:40 Stone Mining
32:46 Imperial Age
JRazzz
10:33 Feudal Age
14:17 Castle Age
12:48 Double-Bit Axe
14:11 Loom
15:12 Fletching
16:23 Bodkin Arrow
19:20 Town Watch
26:56 Imperial Age
27:46 Bracer
zooy
9:19 Feudal Age
16:53 Castle Age
15:03 Double-Bit Axe
15:26 Stone Mining
15:57 Horse Collar
19:38 Bow Saw
22:20 Bloodlines
22:11 Husbandry
22:06 Fletching
23:16 Gold Mining
23:39 Heavy Plow
29:57 Wheelbarrow
29:09 Loom
clarence claymore
0:30 Loom
11:39 Feudal Age
12:24 Double-Bit Axe
12:25 Horse Collar
17:50 Castle Age
19:36 Wheelbarrow
19:21 Bow Saw
20:51 Wheelbarrow
20:46 Heavy Plow
25:29 Pikeman
26:10 Squires
27:37 Scale Mail Armor
27:47 Forging
28:44 Hand Cart
31:14 Imperial Age
29:56 Padded Archer Armor
29:46 Fletching
Connection lost

Rejoining the realm…

Still unreachable

The connection could not be restored.

Session expired

The server has moved on; the page needs a fresh start.